 Dungeon Crawl Stone Soup version 0.24.0-123-gd5b16e6ec5 (webtiles) character file.

Game seed: 8596822075283008085, levelgen mode: deterministic

43 Emblim88 the Stinger (level 3, 24/24 HPs)
             Began as a Formicid Venom Mage on Jan 28, 2020.
             Was an Initiate of Gozag.
             Got out of the dungeon alive.
             The game lasted 00:05:16 (2232 turns).

Emblim88 the Stinger (Formicid Venom Mage)          Turns: 2232, Time: 00:05:16

Health: 24/24      AC:  3    Str: 12    XL:     3   Next: 82%
Magic:  6/6        EV: 12    Int: 15    God:    Gozag
Gold:   150        SH:  0    Dex: 11    Spells: 4/7 levels left

rFire    . . .     SeeInvis +   b - +0 club
rCold    . . .     Gourm    .   (no shield)
rNeg     . . .     Faith    .   a - +1 robe
rPois    .         Spirit   .   (helmet unavailable)
rElec    .         Reflect  .   (no cloak)
rCorr    .         Harm     .   (no gloves)
MR       .....                  (no boots)
Stlth    ++........             i - amulet of regeneration
HPRegen  0.48/turn              o - ring of teleportation (curse)
MPRegen  0.10/turn              (no ring)

@: no status effects
A: permanent stasis, dig shafts and tunnels, four strong arms, antennae 3
a: Dig, Shaft Self, Potion Petition, Call Merchant, Bribe Branch, Renounce
Religion


You escaped.
You worshipped Gozag.
Gozag was aware of your devotion.
You were not hungry.

You visited 1 branch of the dungeon, and saw 2 of its levels.

You collected 192 gold pieces.
You paid 42 gold pieces to Gozag.

Inventory:

Hand Weapons
 b - a +0 club (weapon)
 j - a +0 hunting sling
Armour
 a - a +1 robe (worn)
 m - a +2 hat
Jewellery
 d - a +3 ring of protection {unknown}
 i - an amulet of regeneration (around neck)
 l - an uncursed ring of fire {unknown}
 o - a cursed ring of teleportation (left hand)
Scrolls
 e - a scroll of enchant armour
 f - a scroll of remove curse {unknown}
 g - a scroll of fear
Potions
 h - a potion of invisibility {unknown}
 k - a potion of magic {unknown}
 n - a potion of resistance {unknown}


   Skills:
 + Level 2.2 Dodging
 + Level 3.1 Stealth
 + Level 2.6 Spellcasting
 + Level 1.4 Conjurations
 + Level 4.4 Poison Magic


You had 4 spell levels left.
You knew the following spells:

 Your Spells              Type           Power        Failure   Level  Hunger
a - Sting                 Conj/Pois      ##..         6%          1    #......
b - Poisonous Vapours     Pois/Air       #.....       13%         2    ###....

Your spell library contained the following spells:

 Spells                   Type           Power        Failure   Level  Hunger
 Mephitic Cloud           Conj/Pois/Air  #.......     28%         3    ###....
 Olgreb's Toxic Radiance  Pois           ###.....     32%         4    #####..
 Venom Bolt               Conj/Pois      ##........   86%         5    ######.


Dungeon Overview and Level Annotations

Branches:
Dungeon (2/15)

Altars:
Gozag
Nemelex Xobeh
Sif Muna
Xom


Innate Abilities, Weirdness & Mutations

You cannot be hasted, slowed, berserked, paralysed or teleported.
You can dig through walls and to a lower floor.
Your four strong arms can wield two-handed weapons with a shield.
You have a pair of large antennae on your head. (SInv)


Message History

There is an open door here.
You enter the shallow water.
Moving in this stuff is going to be slow.
Done exploring.
(D) Dungeon
Where to? (Enter - D:2 @ (x,y), ? - help)
What level of the Dungeon? (default 1, ? - help)
There is an open door here.
There is a shimmering altar of Xom here.
There is a stone staircase leading up here.
You climb upwards.
There is a stone staircase leading down here.
There is an open door here.
You open the large door.
There is a large open door here.
There is a large open door here.
There is a fountain of clear blue water here.
There is a staircase leading out of the dungeon here.
Are you sure you want to leave the Dungeon?
This will make you lose the game!
You have escaped!

#.......# #.......######
#............##
....########..########## #######
#>#.# #........##...# #.....#
#.#.# #.#.........#.####..)..#
#.#.######.##..#'#..##....'.....+
............####⌠####...###.....#
#.#+#####.8..++⌠@⌠''..8.# ####...
#....# #...####⌠####...# #...
#....# #..##..#+#..##..# #...
#....# #..#.........#..# #...
.....####....##...##....# ####
........#..........#....#
#.....#.†..#......[..##.#
#....#######.....#.####.####
#.#.## #.....#.###.....#


There were no monsters in sight!

Vanquished Creatures
  An adder (D:2)
  An ooze (D:1)
  A worm (D:2)
  2 dart slugs (D:2)
  A leopard gecko (D:1)
  A giant cockroach (D:1)
  3 goblins
  4 hobgoblins
  2 kobolds (D:1)
  A bat (D:1)
  3 frilled lizards
  2 rats
22 creatures vanquished.

Notes
Turn   | Place    | Note
-------+----------+-------------------------------------------
     0 | D:1      | Emblim88 the Formicid Venom Mage began the quest for the
                  | Orb.
     0 | D:1      | Reached XP level 1. HP: 13/13 MP: 3/3
    37 | D:1      | Reached skill level 1 in Conjurations
   327 | D:1      | Reached XP level 2. HP: 17/19 MP: 1/5
   457 | D:1      | Learned a level 2 spell: Poisonous Vapours
   864 | D:1      | Reached XP level 3. HP: 24/24 MP: 1/6
  1333 | D:2      | Found a sparkling altar of Nemelex Xobeh.
  1333 | D:2      | Found an opulent altar of Gozag.
  1379 | D:2      | Became a worshipper of Gozag Ym Sagoz the Greedy
  1421 | D:2      | Found a shimmering blue altar of Sif Muna.
  1475 | D:2      | Found a shimmering altar of Xom.
  1475 | D:2      | Found a shimmering altar of Xom.
  2232 | D:$      | Got out of the dungeon alive.

Levels and vault maps discovered:
D:1:      grunt_arrival_crossed_arrows, layout_basic
D:2:      layout_loops_corners, xom_redecorated, led_sif_pool,
          grunt_temple_overflow_opulence

Skill      XL: |  1  2  3 |
---------------+----------+-----
Conjurations   | 1 |  1.4
Dodging        | 2 |  2.2
Stealth        | 3 |  3.1
Spellcasting   | |  2.6
Poison Magic   | |  4.4

Action                   || total
-------------------------++-------
Melee: Club              ||    16
       Unarmed           ||     3
 Cast: Sting             ||    16
       Poisonous Vapours ||    20
  Use: Scroll            ||     5
  Eat: Ration            ||     2
Armor: Robe              ||     3
Dodge: Dodged            ||    17
